[Event "*** Qualifier 3: Titled Tuesday 3|2 Blitz"]
[Site "Chess.com"]
[Date "2017.04.18"]
[Round "5"]
[White "nurmiTV"]
[Black "jefferyx"]
[Result "0-1"]
[WhiteElo "2412"]
[BlackElo "2605"]
[TimeControl "180+2"]
[EndTime "14:07:56 PDT"]
[Termination "jefferyx won by resignation"]

1. c4 e5 2. Nc3 Nf6 3. g3 d5 4. cxd5 Nxd5 5. Bg2 Nb6 6. Nf3 Nc6 7. O-O Be7 8. a3 O-O 9. d3 Re8 10. b4 a5 11. b5 Nd4 12. Nd2 c6 13. bxc6 Nxc6 14. Nc4 Nxc4 15. dxc4 Bg4 16. Rb1 Qxd1 17. Rxd1 Nd4 18. Kf1 Rab8 19. h3 Bf5 20. Rxb7 Rxb7 21. Bxb7 Bxh3+ 22. Bg2 Bxg2+ 23. Kxg2 Rc8 24. e3 Nb3 25.
Nd5 Bf8 26. Bb2 f6 27. Rd3 Nc5 28. Rd2 Na4 29. Rc2 Nxb2 30. Rxb2 Rxc4 31. Rb5 Ra4 32. Rb8 Rxa3 33. g4 Ra1 34. Ra8 a4 35. Kf3 a3 36. Ke4 Kf7 37. f4 exf4 38. Nxf4 a2 39. Ra7+ Be7 40. Nd5 Rg1 41. Rxa2 Rxg4+ 42. Kf3 Rg5 43. e4 Re5 44. Ra7 h5 45. Rb7 g5 46.
Ne3 g4+ 47. Kf4 Ke6 48. Nf5 Ba3 49. Rb6+ Kf7 50. Rb7+ Kg8 51. Rb8+ Bf8 52. Nh6+ Kg7 53. Nf5+ Kf7 54. Rb7+ Kg6 55. Rb8 Bh6+ 56. Nxh6 Kxh6 57. Rf8 Kg7 58. Rb8 Rg5 59. Kg3 Ra5 60. Kf4 Ra3 61. Kf5 Rf3+ 62. Ke6 g3 0-1

[Event "*** Qualifier 3: Titled Tuesday 3|2 Blitz"]
[Site "Chess.com"]
[Date "2017.04.18"]
[Round "5"]
[White "Elshan1985"]
[Black "andreimacovei2000"]
[Result "1-0"]
[WhiteElo "2509"]
[BlackElo "2390"]
[TimeControl "180+2"]
[EndTime "14:07:56 PDT"]
[Termination "Elshan1985 won by resignation"]

1. d4 Nf6 2. Nf3 g6 3. Bg5 Bg7 4.
e3 O-O 5. Nbd2 d6 6. Be2 c5 7. c3 Be6 8. O-O Qb6 9. Qc2 Nc6 10.
dxc5 Qxc5 11. Bxf6 Bxf6 12. Ne4 Qf5 13. Bd3 Bg7 14.
Nxd6 Qa5 15. Nc4 Qc7 16. Rad1 a6 17. Ncd2 b5 18. a3 Rac8 19. Qb1 Na5 20. Ng5 Bg4 21. Ngf3 h6 22. h3 Be6 23. Rfe1 Rfd8 24. Bc2 Nc6 25. Nb3 Bc4 26. Nbd4 Na5 27. e4 e5 28. Ne2 Nb3 29. Ng3 a5 30. Nf1 a4 31.
Ne3 Be6 32. Nd5 Qc5 33. Nb4 Bc4 34. Bd3 Be6 35. Nd2 Qb6 36. Nxb3 Bxb3 37. Bc2 Be6 38. Nd5 Qc5 39. Ne3 Bf8 40. Qc1 h5 41. Nf1 Be7 42. Rxd8+ Rxd8 43. Rd1 Rxd1 44. Qxd1 Qa7 45. Bd3 Bc5 46.
Qe2 Bc4 47. Bxc4 bxc4 48. Nd2 Qb6 49. Nxc4 Qb5 50. Kf1 f6 51. Ne3 Qb6 52. Nd5 Qb3 53.
Nxf6+ Kg7 54. Nd5 Qa2 55. g3 Qb1+ 56. Kg2 h4 57. gxh4 Qc1 58. Qb5 Bf8 59. Ne3 Qb1 60. Qxe5+ Kh7 61. h5 gxh5 62. Qxh5+ Kg8 63. Qg6+ Bg7 64.
Qe8+ Kh7 65. Nf5 Qd1 66. Qf7 1-0

[Event "*** Qualifier 3: Titled Tuesday 3|2 Blitz"]
[Site "Chess.com"]
[Date "2017.04.18"]
[Round "5"]
[White "Alex_Molchanov"]
[Black "penguingm1"]
[Result "0-1"]
[WhiteElo "2439"]
[BlackElo "2571"]
[TimeControl "180+2"]
[EndTime "14:07:58 PDT"]
[Termination "penguingm1 won by resignation"]

1. d4 d5 2. c4 e6 3. Nc3 Be7 4.
cxd5 exd5 5. Bf4 c6 6. e3 Bf5 7. Bd3 Bxd3 8. Qxd3 Nf6 9. Nf3 O-O 10. O-O Bd6 11. Bxd6 Qxd6 12. a3 a5 13. Na4 Nbd7 14.
Rac1 Ne4 15. Nd2 f5 16. f3 Nxd2 17. Qxd2 f4 18. Rfe1 fxe3 19. Qxe3 Rf6 20. Qe7 Raf8 21. Qxd6 Rxd6 22. Nc5 Nxc5 23. Rxc5 b6 24. Rc3 Rf4 25.
Re8+ Kf7 26. Rc8 Rxd4 27. R3xc6 Rxc6 28. Rxc6 Rd1+ 29. Kf2 Rd2+ 30. Kg3 Rxb2 31. a4 Rb4 32. Rd6 Ke7 33. Rxd5 Rxa4 34. Rg5 g6 35. Re5+ Kd6 36. Re8 Rb4 37. Rh8 a4 38. Rxh7 Ke6 39. Ra7 b5 40.
f4 Kf5 41. Ra5 Rb3+ 42. Kh4 Kxf4 43. g3+ Kf5 44. h3 a3 45. g4+ Kf4 46. Ra6 g5+ 47.
Kh5 Rxh3+ 48. Kg6 Kxg4 49. Ra5 Rb3 0-1

[Event "*** Qualifier 3: Titled Tuesday 3|2 Blitz"]
[Site "Chess.com"]
[Date "2017.04.18"]
[Round "5"]
[White "daro94"]
[Black "SwiftyMcBishop"]
[Result "0-1"]
[WhiteElo "2740"]
[BlackElo "2315"]
[TimeControl "180+2"]
[EndTime "14:07:59 PDT"]
[Termination "SwiftyMcBishop won by resignation"]

1. e4 d5 2. exd5 Nf6 3. d4 Nxd5 4. Nf3 g6 5. c4 Nb6 6. a4 a5 7. c5 Nd5 8. Nc3 Bg7 9. Bc4 c6 10. Qb3 O-O 11. O-O Nc7 12. Bg5 Be6 13. Bxe6 Nxe6 14. Qxb7 Nxg5 15. Nxg5 Nd7 16. Qxc6 Bxd4 17. Rad1 Nxc5 18.
Nd5 Ra6 19. Qb5 Qxd5 20. Nf3 e5 21. Rfe1 Rd8 22. Rxe5 Bxf2+ 23. Kxf2 Qxd1 24. Qxc5 Rf6 25. Qe7 Qd4+ 26. Kg3 Qf4+ 27. Kh3 Rf8 28. Re4 Qf5+ 29. Kg3 Rb6 30. Re5 Qc8 31. Rxa5 Rxb2 32. Rc5 Qa6 33. a5 Qf1 34. Nh4 h6 35. Qe3 Re2 36. Qxh6 Qf2+ 37. Kh3 Qxc5 38. Nxg6 Qf5+ 39. g4 Qxg6 40.
Qf4 Re6 41. a6 Qh6+ 42. Qxh6 Rxh6+ 43. Kg3 Rxa6 0-1

[Event "*** Qualifier 3: Titled Tuesday 3|2 Blitz"]
[Site "Chess.com"]
[Date "2017.04.18"]
[Round "5"]
[White "MITerryble"]
[Black "kleinebeer98"]
[Result "1-0"]
[WhiteElo "2648"]
[BlackElo "2457"]
[TimeControl "180+2"]
[EndTime "14:08:01 PDT"]
[Termination "MITerryble won by resignation"]

1. d4 Nf6 2. Nf3 e6 3. c4 Bb4+ 4. Nbd2 O-O 5. a3 Be7 6. e4 d5 7.
e5 Nfd7 8. b4 a5 9. b5 c5 10. bxc6 Nxc6 11. cxd5 exd5 12. Bd3 Re8 13. O-O Nf8 14. Bb2 Bg4 15. h3 Bh5 16. Bb5 Ne6 17. a4 Bb4 18. g4 Bg6 19. Nb3 h5 20.
Kg2 Be4 21. Kg3 f5 22. gxh5 Ng5 23. Nh4 Qd7 24. f4 Ne6 25. Ng6 Qf7 26. Kh2 Ne7 27. Rg1 Nxg6 28. hxg6 Qe7 29. Bxe8 Rxe8 30. Qh5 Nf8 31. Qg5 Qxg5 32. Rxg5 Ne6 33. Rgg1 Nxf4 34. Ba3 Bc3 35. Ra2 Rc8 36. Bc5 Nd3 37. Rd1 Nxc5 38. Nxc5 Rxc5 39. dxc5 Bxe5+ 40. Kg1 f4 41.
Re2 Kf8 42. Rxd5 Bxd5 43. Rxe5 Bc6 44. Rf5+ Ke7 45. Rxf4 Ke6 46. h4 1-0

[Event "*** Qualifier 3: Titled Tuesday 3|2 Blitz"]
[Site "Chess.com"]
[Date "2017.04.18"]
[Round "5"]
[White "DariuszMikrut"]
[Black "saraswathii"]
[Result "1-0"]
[WhiteElo "2402"]
[BlackElo "2223"]
[TimeControl "180+2"]
[EndTime "14:08:01 PDT"]
[Termination "DariuszMikrut won by resignation"]

1. d4 d5 2. c4 c6 3. Nf3 Nf6 4. e3 g6 5. Nc3 Bg7 6. Bd3 O-O 7. O-O Bg4 8. h3 Bxf3 9. Qxf3 e6 10. Bd2 Nbd7 11. cxd5 exd5 12. b4 Qe7 13. Rab1 Rfe8 14. b5 c5 15. Nxd5 Nxd5 16. Qxd5 cxd4 17.
exd4 Nb6 18. Qf3 Bxd4 19. Bb4 Qe6 20. Rfd1 Qxa2 21. Rbc1 Rac8 22. Rxc8 Rxc8 23. h4 h5 24. Be4 Rd8 25. Kh1 Qa4 26. Bc3 Rd7 27. Rxd4 Rxd4 28.
Qf6 Nd5 29. Bxd5 Qd1+ 30. Kh2 Rxh4+ 31. Qxh4 Qxd5 32. Qf6 Kf8 33. Bd4 b6 34. Qh8+ Ke7 35. Qe5+ Qxe5+ 36. Bxe5 Ke6 37. Bb8 Kd5 38. Bxa7 Kc5 39.
Kg3 g5 40. Bb8 Kxb5 41. Be5 Kc4 42. Bf6 g4 43. Kh4 Kd3 44. Kxh5 Ke2 45. Bd4 g3 46. fxg3 Kf1 47. Bxb6 Kxg2 48. g4 Kg3 49. g5 Kf4 50. Bd8 Kf5 51. Bf6 1-0

[Event "*** Qualifier 3: Titled Tuesday 3|2 Blitz"]
[Site "Chess.com"]
[Date "2017.04.18"]
[Round "5"]
[White "GamayevOleg"]
[Black "Abrito99"]
[Result "1-0"]
[WhiteElo "2415"]
[BlackElo "2335"]
[TimeControl "180+2"]
[EndTime "14:08:06 PDT"]
[Termination "GamayevOleg won by checkmate"]

1. d3 Nf6 2. e4 e6 3. Nf3 d5 4.
Nbd2 Be7 5. Be2 c5 6. O-O O-O 7. Re1 Nc6 8. a4 a6 9. c3 Rb8 10. exd5 exd5 11. Nf1 Bd6 12. Ng3 Qc7 13. Bg5 Ne8 14. d4 c4 15. b4 cxb3 16. Qxb3 Be6 17. Nd2 f6 18. Be3 f5 19. Bf3 Na5 20. Qc2 Qd7 21. Ne2 f4 22. Bxf4 Bxf4 23. Nxf4 Rxf4 24. Qa2 Nc7 25. Re3 Rbf8 26. Rae1 Kh8 27. Qb1 Qc6 28.
Qb4 b6 29. Qe7 R4f7 30. Qg5 h6 31. Qh4 Nc4 32. Nxc4 Qxc4 33. Rxe6 Nxe6 34. Rxe6 Rf6 35. Re3 Qb3 36. h3 Qxa4 37. Bxd5 Rxf2 38. Be4 Rf1+ 39. Kh2 Qd7 40. Rg3 Qd6 41. Qg4 Qf6 42. Bd3 Re1 43. Rf3 Qd6+ 44. Rg3 Qe6 45. Qxg7# 1-0

[Event "*** Qualifier 3: Titled Tuesday 3|2 Blitz"]
[Site "Chess.com"]
[Date "2017.04.18"]
[Round "5"]
[White "MatBobula"]
[Black "WanderingPuppet"]
[Result "1/2-1/2"]
[WhiteElo "2323"]
[BlackElo "2303"]
[TimeControl "180+2"]
[EndTime "14:08:07 PDT"]
[Termination "Game drawn - insufficient material"]

1. d4 Nc6 2. c4 e5 3. d5 Nce7 4.
e4 Nf6 5. Nc3 Ng6 6. Bd3 Bc5 7.
Nge2 d6 8. O-O O-O 9. Na4 Bb6 10. Nxb6 axb6 11. f3 Nh5 12. Be3 Nhf4 13. Qd2 Nxe2+ 14. Bxe2 f5 15. exf5 Bxf5 16. Bd3 Bxd3 17. Qxd3 Nf4 18. Qe4 Qf6 19. b3 Rf7 20. a4 h5 21. Bxf4 Qxf4 22.
Qxf4 Rxf4 23. Rfe1 Rd4 24. Re4 Rd3 25. Rb1 Rf8 26. Rb2 Kh7 27. Kf2 g5 28. Re3 Rd4 29. Ke2 g4 30. g3 Kg6 31. Rb1 Kg5 32. Rf1 h4 33. gxh4+ Kxh4 34. fxg4 Rxf1 35. Kxf1 Kxg4 36. Ke2 Kf4 37. Rh3 Re4+ 38. Kd2 Rd4+ 39. Ke2 Re4+ 40. Kd2 Rd4+ 41. Kc2 Kf5 42. Rh7 Rg4 43. Rxc7 Rg2+ 44. Kd3 Rxh2 45. Rxb7 Rh3+ 46. Ke2 Rxb3 47. a5 Rb2+ 48.
Kd1 Ke4 49. Rxb6 Ra2 50. a6 Kd3 51. Kc1 Kxc4 52. Rxd6 e4 53. Kb1 Ra5 54. Rh6 Rxd5 55. Kc2 Ra5 56. Kd2 Kb5 57. Rh5+ Kxa6 58. Rxa5+ Kxa5 59. Ke3 Ka6 60. Kxe4 1/2-1/2

[Event "*** Qualifier 3: Titled Tuesday 3|2 Blitz"]
[Site "Chess.com"]
[Date "2017.04.18"]
[Round "5"]
[White "Izoria123"]
[Black "johnathan113"]
[Result "1-0"]
[WhiteElo "2655"]
[BlackElo "2475"]
[TimeControl "180+2"]
[EndTime "14:08:08 PDT"]
[Termination "Izoria123 won by resignation"]

1. Nf3 Nf6 2. c4 g6 3. g3 Bg7 4. Bg2 O-O 5. O-O d6 6. Nc3 Nc6 7. d3 e5 8. Bg5 h6 9. Bxf6 Bxf6 10. Rb1 a5 11. a3 Bg7 12. b4 axb4 13. axb4 Be6 14. b5 Ne7 15. Qb3 Qd7 16. Nd2 c6 17. bxc6 bxc6 18. Qb7 Rfd8 19. Rfc1 Ra3 20. Qxd7 Rxd7 21.
Rb8+ Kh7 22. Rb6 d5 23. Nb3 dxc4 24. Nc5 cxd3 25. exd3 Rd4 26. Nxe6 fxe6 27. Be4 Nd5 28. Rxc6 Nxc3 29. R1xc3 Rxc3 30. Rxc3 Rd7 31. Rc6 Re7 32.
h4 h5 33. Kg2 Bf6 34. Kh3 Kg7 35. Rc5 Rd7 36. Rb5 Rc7 37. f3 Rd7 38. g4 hxg4+ 39.
fxg4 g5 40. h5 Rc7 41. Rb6 Re7 42. Kg2 Kh6 43. Rc6 Kg7 44. Kf3 Kh6 45. Ke2 Kg7 46. Rc8 Rd7 47. Kd1 Rd8 48. Rc7+ Kg8 49. h6 Re8 50.
Bg6 Rd8 51. Ke2 Rf8 52. Rc6 Bd8 53. Rxe6 Bb6 54. Bf5 Bd4 55. Rg6+ Kh8 56. Rxg5 Re8 57.
Rg6 Bb2 58. Rc6 Rf8 59. Be4 Bd4 60. g5 Rf2+ 61. Ke1 Rf8 62. g6 Kg8 63. Bd5+ 1-0

[Event "*** Qualifier 3: Titled Tuesday 3|2 Blitz"]
[Site "Chess.com"]
[Date "2017.04.18"]
[Round "5"]
[White "cailinchetty"]
[Black "Outsmiter"]
[Result "1-0"]
[WhiteElo "1942"]
[BlackElo "2076"]
[TimeControl "180+2"]
[EndTime "14:08:08 PDT"]
[Termination "cailinchetty won by resignation"]

1. e4 d6 2. d4 Nf6 3. Bd3 g6 4.
f3 Bg7 5. Ne2 O-O 6. Be3 e5 7.
d5 Nh5 8. c4 f5 9. Nbc3 Nf6 10.
O-O f4 11. Bf2 a5 12. a3 Na6 13. Rb1 b6 14. b4 axb4 15. axb4 g5 16. c5 bxc5 17.
Bxa6 Bxa6 18. bxc5 g4 19. c6 Qe8 20. Kh1 Qh5 21.
fxg4 Nxg4 22. Bg1 Rf6 23. Rf3 Rh6 24. Rh3 Qg5 25. Rxh6 Bxh6 26. Nc1 Ne3 27. Bxe3 fxe3 28. N1e2 Rf8 29. Qg1 Rf2 30. Re1 Kg7 31. Ng3 Kg6 32. Nd1 Qh4 33. Nxf2 exf2 34. Qxf2 Bf4 35. Kg1 Qg5 36. Nf1 h5 37. Kh1 h4 38. g3 hxg3 39. hxg3 Qh5+ 40. Kg2 Bg5 41. Ne3 Bxe3 42. Qxe3 Bc8 43. Qf3 Bh3+ 44. Kf2 Qg5 45. Kg1 Bg4 46. Qf2 Qh5 47. Qf8 Bf3 48. Qe8+ Kg5 49. Qxh5+ Kxh5 50. Kf2 Kg4 51. Re3 Bh1 52. Kg1 Bf3 53. Kf2 Bh1 54.
Ke2 Bg2 55. Kd3 Bf3 56. Kc3 Kxg3 57. Kd3 Kf4 58. Re1 Bg2 59. Re2 Bf3 60. Rf2 Kg3 61.
Ke3 Bg2 62. Ra2 Kg4 63. Ra7 1-0

[Event "*** Qualifier 3: Titled Tuesday 3|2 Blitz"]
[Site "Chess.com"]
[Date "2017.04.18"]
[Round "5"]
[White "FearlessKing64"]
[Black "pastouche06"]
[Result "1/2-1/2"]
[WhiteElo "2158"]
[BlackElo "2317"]
[TimeControl "180+2"]
[EndTime "14:08:16 PDT"]
[Termination "Game drawn by stalemate"]

1. e4 c6 2. d4 d5 3. exd5 cxd5 4.
c4 Nf6 5. Nc3 Nc6 6. Nf3 Bg4 7.
cxd5 Nxd5 8. Qb3 Bxf3 9. gxf3 e6 10. Qxb7 Nxd4 11. Bb5+ Nxb5 12. Qc6+ Ke7 13. Qxb5 Nxc3 14. bxc3 Rb8 15. Qa4 Qd7 16. Ba3+ Ke8 17. Qf4 Rc8 18.
Rd1 Qc7 19. Bd6 Qxc3+ 20. Kf1 Qc4+ 21. Kg2 Qxf4 22. Bxf4 Bc5 23. Rc1 Ke7 24. Rc2 Bb6 25. Rd2 Rhd8 26. Rhd1 Rxd2 27. Rxd2 Rc6 28. h4 f6 29. h5 h6 30. Re2 Rc5 31. Rd2 Rd5 32. Rxd5 exd5 33. Kf1 Ke6 34. Ke2 Kf5 35.
Bd6 Kg5 36. Bf8 Kxh5 37. Bxg7 Kg6 38. Bf8 Bc7 39. Ke3 Kf5 40. Bxh6 Bb6+ 41. Ke2 Bc5 42. Be3 d4 43. Bd2 Ke6 44. Kd3 Kd5 45. Bh6 Bd6 46. Bg7 Be5 47. f4 Bxf4 48. Bxf6 Be5 49.
Bxe5 Kxe5 50. f4+ Kxf4 51. Kxd4 a5 52. Kc5 Ke5 53. Kb5 Kd6 54. Kxa5 Kc7 55. Ka6 Kb8 56. a4 Ka8 57. Kb6 Kb8 58. a5 Ka8 59. a6 Kb8 60. a7+ Ka8 61. Ka6 1/2-1/2

[Event "*** Qualifier 3: Titled Tuesday 3|2 Blitz"]
[Site "Chess.com"]
[Date "2017.04.18"]
[Round "5"]
[White "VMikhalevski"]
[Black "Yaacovn"]
[Result "0-1"]
[WhiteElo "2557"]
[BlackElo "2600"]
[TimeControl "180+2"]
[EndTime "14:08:38 PDT"]
[Termination "Yaacovn won by resignation"]

1. Nf3 b6 2. g3 Bb7 3. Bg2 g6 4. O-O Bg7 5. d4 Nf6 6. c4 e6 7. b3 O-O 8. Bb2 d6 9. Nc3 Ne4 10. Qc2 Nxc3 11. Bxc3 Nd7 12. e4 c5 13.
Rad1 Qe7 14. Rfe1 Rfd8 15. h4 Rac8 16. Qd2 Nf6 17. Qd3 e5 18. d5 Rb8 19. a3 Bc8 20. b4 h6 21. Rb1 Bd7 22. Nd2 Rdc8 23. Nf1 h5 24. Ne3 Bh6 25. b5 Qd8 26. a4 a5 27.
bxa6 Ra8 28. Rb2 Rxa6 29. Reb1 Bxa4 30. Ra1 Rca8 31. Rab1 Bd7 32. Qe2 Ng4 33. Nf1 Ra3 34.
Be1 R8a6 35. Qc2 Ra1 36. Bc3 Rxb1 37. Qxb1 Be8 38. Be1 Nf6 39. Nh2 Nd7 40. Bh3 Bf8 41. Nf3 Be7 42. Bd2 Qa8 43. Kg2 Ra1 44. Qc2 Bd8 45.
Bc3 Qa4 46. Qxa4 Rxa4 47. Nd2 Nb8 48. f4 f6 49. Be6+ Kg7 50. Kf2 Na6 51. Ke3 Ra3 52.
Nb3 Nc7 53. Kd2 Ra4 54. Nc1 Rxc4 55. Kd3 b5 56. Bc8 Ra4 57. Bd2 Ra3+ 58. Ke2 b4 59. Be3 Nb5 60. Kf2 Nc3 61. Rd2 Nxe4+ 0-1

[Event "*** Qualifier 3: Titled Tuesday 3|2 Blitz"]
[Site "Chess.com"]
[Date "2017.04.18"]
[Round "5"]
[White "pedromartinez91"]
[Black "PowerThinking2650"]
[Result "0-1"]
[WhiteElo "2314"]
[BlackElo "2238"]
[TimeControl "180+2"]
[EndTime "14:08:39 PDT"]
[Termination "PowerThinking2650 won on time"]

1. d4 Nf6 2. Nf3 g6 3. Bf4 Bg7 4. e3 O-O 5. h3 d6 6. Be2 b6 7. O-O Bb7 8. Nc3 Nbd7 9. a4 a6 10. Re1 c5 11. d5 Rc8 12. Ra3 c4 13. e4 b5 14. axb5 axb5 15. Ra7 Qb6 16. Be3 Nc5 17.
Ra2 Ra8 18. Rxa8 Rxa8 19. e5 Nfd7 20. exd6 exd6 21. Bd4 b4 22. Bxg7 Kxg7 23. Qd4+ Kg8 24. Ne4 Nxe4 25. Qxe4 Nf6 26. Qh4 Nxd5 27. Bxc4 Qd8 28.
Qxd8+ Rxd8 29. Rd1 Nf4 30. Ne1 d5 31. Bf1 d4 32. g3 Ne6 33. Nd3 Bf3 34. Re1 Rb8 35.
Bg2 Bxg2 36. Kxg2 b3 37. cxb3 Rxb3 38. Rd1 Kg7 39. Kf1 Ng5 40. Ke2 Nxh3 41. Kd2 Rxd3+ 42.
Kxd3 Nxf2+ 43. Kxd4 Nxd1 44. b4 Kf8 45. Kc5 Ke8 46.
Kc6 Kd8 47. b5 Kc8 48. Kd6 h5 49. Ke5 Nf2 50. Kf6 Ne4+ 51. Kxf7 g5 52. Kg6 h4 53. gxh4 gxh4 0-1

[Event "*** Qualifier 3: Titled Tuesday 3|2 Blitz"]
[Site "Chess.com"]
[Date "2017.04.18"]
[Round "5"]
[White "the_drake"]
[Black "DryCounty"]
[Result "1-0"]
[WhiteElo "2202"]
[BlackElo "2442"]
[TimeControl "180+2"]
[EndTime "14:08:44 PDT"]
[Termination "the_drake won by resignation"]

1. e4 c5 2. Nf3 d6 3. Bb5+ Bd7 4.
Bxd7+ Nxd7 5. d4 cxd4 6. Qxd4 Ngf6 7. O-O e6 8. Bg5 Be7 9. c4 O-O 10. Nc3 a6 11. Rfd1 Rc8 12. b3 Qa5 13. Rac1 b5 14. cxb5 axb5 15. a4 bxa4 16. Nxa4 Rb8 17. Bxf6 Nxf6 18.
e5 dxe5 19. Nxe5 Rbd8 20. Qb2 Rxd1+ 21. Rxd1 Qb5 22. g3 Nd5 23. Nc4 Rb8 24. Rd3 h6 25. Nc3 Nxc3 26. Qxc3 Bf6 27. Qc2 Qc6 28. Ne3 Qb7 29. h3 Rc8 30. Nc4 Ra8 31. Rd1 Qf3 32. Qd3 Qc6 33. Qd7 Qxd7 34. Rxd7 Ra1+ 35. Kg2 Rb1 36.
Rb7 Bd4 37. Kf3 Bc5 38. Ne5 f6 39. Nd3 Bd4 40. Ke4 e5 41. Kf5 Rd1 42. Kg6 Kf8 43.
Nb4 Bxf2 44. Nc6 Ke8 45. Re7+ Kf8 46. Rxg7 Rd6 47. Rf7+ Ke8 48. Rxf6 Kd7 49. Nxe5+ Ke7 50. Rxd6 Kxd6 51. Nf7+ Ke6 52. g4 Be3 53. Nxh6 Kd5 54.
Nf5 Bf4 55. h4 Ke5 56. h5 Ke6 57. h6 Be5 58. h7 Bh8 59. b4 1-0

[Event "*** Qualifier 3: Titled Tuesday 3|2 Blitz"]
[Site "Chess.com"]
[Date "2017.04.18"]
[Round "5"]
[White "Bugcrusher"]
[Black "MyleneFarmer"]
[Result "1-0"]
[WhiteElo "2507"]
[BlackElo "2334"]
[TimeControl "180+2"]
[EndTime "14:08:47 PDT"]
[Termination "Bugcrusher won by resignation"]

1. d4 d5 2. Nf3 Nf6 3. e3 Bf5 4. c4 c6 5. Nc3 e6 6. Be2 Nbd7 7. O-O h6 8. Bd3 Bxd3 9. Qxd3 Bb4 10. Bd2 O-O 11.
Nxd5 cxd5 12. Bxb4 dxc4 13. Qxc4 Nb6 14. Qb3 Re8 15.
Rac1 Rc8 16. Ba5 Qd6 17. Bxb6 axb6 18. h3 Nd5 19. Ne5 f6 20. Nd3 Kh7 21. Rc4 e5 22. dxe5 fxe5 23. Rfc1 Rcd8 24. Nb4 Nf6 25. Rc7 Re7 26.
Rxe7 Qxe7 27. Nd3 Qd6 28. Ne1 Qd2 29. Qc2+ e4 30. Qxd2 Rxd2 31. Rc2 Rxc2 32. Nxc2 Kg6 33. f3 Kf5 34. Kf2 g5 35. Nd4+ Ke5 36. Ne2 Nd5 37. fxe4 Nb4 38. Nc3 Nd3+ 39. Kg3 h5 40. b3 Nb4 41. h4 g4 42. Kf2 Nd3+ 43. Ke2 Nc5 44. b4 Ne6 45. Kd3 Nd8 46. g3 Nc6 47. a3 Ne7 48. Ne2 Nc6 49. Nf4 Kd6 50. Nxh5 Ne5+ 51. Ke2 Nc4 52. Nf6 Ke5 53. Nxg4+ Kxe4 54. Nf6+ Kf5 55.
Nd5 Ke4 56. Nc3+ Ke5 57. Nb5 Nd6 58. Nxd6 Kxd6 59. Kd3 1-0

[Event "*** Qualifier 3: Titled Tuesday 3|2 Blitz"]
[Site "Chess.com"]
[Date "2017.04.18"]
[Round "5"]
[White "XiaoKangZhong"]
[Black "silverback96"]
[Result "1-0"]
[WhiteElo "1974"]
[BlackElo "2044"]
[TimeControl "180+2"]
[EndTime "14:08:49 PDT"]
[Termination "XiaoKangZhong won by resignation"]

1. e4 e6 2. d4 d5 3. Nd2 Be7 4. Bd3 Nf6 5. e5 Nfd7 6. Ne2 c5 7. c3 Nc6 8. O-O h5 9. h3 g5 10.
f4 cxd4 11. cxd4 Qb6 12. fxg5 Nxd4 13. Kh2 Nxe5 14. Nxd4 Qxd4 15. Nf3 Qxd3 16. Nxe5 Qxd1 17. Rxd1 Rg8 18. h4 Bd7 19. Rf1 Bd6 20. Bf4 Bxe5 21. Bxe5 O-O-O 22. Rac1+ Bc6 23. Rxf7 Rd7 24. Rf6 Re8 25. Rd1 Kd8 26. Rh6 Rf8 27. Rxh5 Rf2 28. Kg1 Rc2 29. Bd4 Rf7 30. g6 Rf4 31. g7 Rg4 32.
Bf2 Rxg7 33. Rg5 Rf7 34. Bd4 Rf4 35. h5 Rh4 36. Rd3 Ke7 37. Rh3 Rxd4 38. h6 Rf4 39. h7 Rf8 40. Rg8 d4 41. Rxf8 Rxg2+ 42. Kf1 Kxf8 43. h8=Q+ Ke7 44. Qh7+ Kd6 45. Rh2 Rg4 46.
Rd2 Bb5+ 47. Kf2 Rf4+ 48. Kg3 e5 49. Qxb7 Bc6 50. Qxa7 Rf3+ 51. Kg4 Rf4+ 52. Kg5 Rf3 53. b4 Rg3+ 54. Kh4 Rg1 55. Qc5+ Kd7 56. Qxe5 Rh1+ 57. Kg3 Rg1+ 58. Kf2 Rg2+ 59. Ke1 Rg1+ 60. Ke2 Rg2+ 61. Kd3 Rg4 62. Kc4 Kc8 63. Rxd4 Rg1 64. Kc5 Rc1+ 65.
Kb6 Bd7 66. Qc5+ Rxc5 67. bxc5 Bh3 68. a4 Bf1 69. a5 Bg2 70. a6 Bh1 71. a7 Bg2 72. Rg4 Kd7 73. Rxg2 1-0

[Event "*** Qualifier 3: Titled Tuesday 3|2 Blitz"]
[Site "Chess.com"]
[Date "2017.04.18"]
[Round "5"]
[White "pKiLz5Rn9b"]
[Black "Konavets"]
[Result "0-1"]
[WhiteElo "2466"]
[BlackElo "2606"]
[TimeControl "180+2"]
[EndTime "14:09:05 PDT"]
[Termination "Konavets won by resignation"]

1. d4 f5 2. Nf3 Nf6 3. g3 g6 4.
Bg2 Bg7 5. O-O d6 6. c4 O-O 7. Nc3 c6 8. Re1 Qe8 9. e4 fxe4 10.
Nxe4 Bg4 11. Nxf6+ Rxf6 12. h3 Bxf3 13. Bxf3 Qf7 14.
Kg2 h6 15. Qe2 Nd7 16. Bg4 e5 17. f4 Rf8 18. Be3 e4 19. d5 Kh7 20. Rad1 h5 21.
Be6 Rxe6 22. dxe6 Qxe6 23. Qd2 Qxc4 24. Qxd6 Nf6 25. b3 Qa6 26. Bd4 Qxa2+ 27. Kh1 Qxb3 28. Kh2 h4 29. gxh4 Nh5 30. Be3 Rf5 31. Rg1 Rf6 32.
Qd2 Bh6 33. Rb1 Qf7 34. Rbf1 Nxf4 35. Rg4 Nd5 36. Rxf6 Qc7+ 37. Kh1 Bxe3 38. Qb2 Nxf6 39. Qxf6 Qg7 40. Qxg7+ Kxg7 41. Rxe4 Bc5 42. Re5 Bf8 43.
Re8 Bb4 44. Rb8 b5 45. Rb7+ Kf6 46. Rxa7 Ke5 47. Kg2 Kd4 48. Kf3 c5 49. Ke2 c4 50.
Kd1 Bc5 51. Rg7 b4 52. Rxg6 b3 53. Rg3 c3 54. Rg2 Kd3 55. Rg3+ Be3 0-1

[Event "*** Qualifier 3: Titled Tuesday 3|2 Blitz"]
[Site "Chess.com"]
[Date "2017.04.18"]
[Round "5"]
[White "Sanan_Sjugirov"]
[Black "grzechu96"]
[Result "0-1"]
[WhiteElo "2635"]
[BlackElo "2392"]
[TimeControl "180+2"]
[EndTime "14:09:10 PDT"]
[Termination "grzechu96 won by resignation"]

1. d4 Nf6 2. Nf3 g6 3. Bg5 Bg7 4. Nbd2 d5 5. e3 O-O 6. Bd3 c6 7. c3 Bg4 8. h3 Bxf3 9. Nxf3 Nbd7 10. O-O Re8 11. c4 e6 12. Qb3 Qb6 13. Bf4 dxc4 14.
Bxc4 Ne4 15. Qc2 Nef6 16. Bh2 c5 17. dxc5 Nxc5 18. Rac1 Nfe4 19. b3 Nd6 20. Be2 Nce4 21. Ne5 Rac8 22. Qd3 Qa5 23. Nxf7 Kxf7 24. Bxd6 Nc3 25.
Bf3 Rcd8 26. b4 Qb6 27. Rxc3 Rxd6 28. Qc4 Bxc3 29. Qxc3 Rd7 30. Qc4 Qc7 31. Qe4 Qc3 32.
h4 Rc8 33. h5 Rc4 34. Qb1 Rxb4 35. Qc1 Qxc1 36. Rxc1 Rb2 37. a4 b6 38. Rc4 Kf6 39.
Rf4+ Kg7 40. Re4 Re7 41. g3 Rc2 42. Kg2 Rc5 43. Rd4 Rec7 44. Rd6 Kf6 45. Rd8 gxh5 46. Rf8+ Ke7 47. Rh8 Kd6 48. Rd8+ Rd7 49. Rg8 Rc4 50. Bxh5 Rxa4 51. Bf3 Rc4 52. Rb8 Kc7 53. Re8 Kd6 54. Rb8 Rb4 55. g4 a5 56. Ra8 a4 57. Kg3 b5 58.
Be2 Rb2 59. Bd3 Rb7 60. Be4 Rc7 61. f4 Rc3 62. Bxh7 Rxe3+ 63. Kh4 Rh2+ 64. Kg5 Rxh7 65. Ra6+ Kc5 0-1

[Event "*** Qualifier 3: Titled Tuesday 3|2 Blitz"]
[Site "Chess.com"]
[Date "2017.04.18"]
[Round "5"]
[White "djano"]
[Black "Vamostodorecto"]
[Result "1-0"]
[WhiteElo "2362"]
[BlackElo "2369"]
[TimeControl "180+2"]
[EndTime "14:09:11 PDT"]
[Termination "djano won by checkmate"]

1. d4 d5 2. Bf4 Nc6 3. e3 Nf6 4.
Nd2 Bg4 5. Ngf3 e6 6. c4 Bd6 7.
Bg5 h6 8. Bh4 g5 9. Bg3 Ne4 10.
cxd5 exd5 11. Bxd6 Qxd6 12. Be2 f5 13. O-O O-O-O 14.
Rc1 f4 15. exf4 gxf4 16. Ne5 Bxe2 17. Qxe2 Nxd4 18. Qg4+ Kb8 19. Nxe4 dxe4 20. Nf7 Qd5 21. Nxh8 Rxh8 22. Kh1 Rg8 23. Qh3 f3 24. g3 a6 25.
Rfd1 Qe5 26. Qd7 Ne2 27. Rc2 Rg7 28. Qd5 Qe7 29. Qc4 Rg5 30. Rxe2 fxe2 31. Qxe2 Re5 32. Qe3 Rh5 33. h4 Qe6 34. Kg2 b6 35. Rd4 Re5 36.
Rd8+ Kb7 37. Rh8 Qxa2 38. Qxh6 e3 39. Qf8 Qd5+ 40. Kh2 Kc6 41. Qa8+ Kc5 42. Qxd5+ Kxd5 43. fxe3 Rxe3 44. h5 Re2+ 45. Kh3 Rxb2 46. h6 Rb1 47. g4 Rh1+ 48. Kg3 Ke5 49. g5 Kf5 50. Rg8 a5 51. Rg7 Rh5 52. h7 a4 53. g6 a3 54. Rg8 a2 55. g7 a1=Q 56. Rf8+ Ke6 57. g8=Q+ Kd6 58. Qg6+ Ke7 59. Re8+ Kd7 60. Qe6# 1-0

[Event "*** Qualifier 3: Titled Tuesday 3|2 Blitz"]
[Site "Chess.com"]
[Date "2017.04.18"]
[Round "5"]
[White "PelinGorki"]
[Black "fastestmindalive"]
[Result "0-1"]
[WhiteElo "2368"]
[BlackElo "2440"]
[TimeControl "180+2"]
[EndTime "14:09:21 PDT"]
[Termination "fastestmindalive won by resignation"]

1. e4 c5 2. Nf3 e6 3. d4 cxd4 4.
Nxd4 Bc5 5. Nb3 Bb6 6. c4 Ne7 7.
Nc3 O-O 8. c5 Bc7 9. Be3 f5 10.
Bd3 Nbc6 11. Qe2 Ne5 12. O-O-O f4 13. Bd2 Nxd3+ 14. Qxd3 b6 15. g3 bxc5 16. gxf4 d5 17.
Nxc5 Rb8 18. Rhg1 Bd6 19. Nb3 Qb6 20. e5 Ba6 21. Qh3 Bb4 22. Rg5 Nf5 23. Rxf5 exf5 24. Nxd5 Bxd2+ 25. Rxd2 Rbc8+ 26. Kb1 Qe6 27. Ne3 Rfd8 28. Nd4 Rxd4 29. Rxd4 Qc6 30. a3 Qc1+ 31. Ka2 Rb8 32. Rb4 Rxb4 33. axb4 Bd3 34. Nxf5 Qb1+ 35. Ka3 Bxf5 36. Qb3+ Kh8 37. Qd5 h6 38. b5 Qa1+ 39.
Kb3 Qf1 40. b6 axb6 41. Qd4 Qb5+ 42. Kc3 Kh7 43. b4 Qc6+ 44. Kd2 Qc2+ 45. Ke3 Qb3+ 46. Kd2 b5 47. h4 h5 48. Ke2 Bg4+ 49. Kd2 Bf5 50. Ke2 Qc2+ 51. Ke3 Qc1+ 52. Ke2 Qh1 53. Qc5 Qxh4 54. Qxb5 Qxf4 55. Qd5 Qxb4 56. e6 Qe4+ 57. Qxe4 Bxe4 58. Ke3 Bc6 59. Kf4 Kg6 60. Ke5 Kg5 61. Kd6 Ba4 62. Ke5 h4 63. f4+ Kg4 64. f5 h3 0-1